 Dungeon Crawl Stone Soup version 0.14-a0-1097-gc7db7fc (webtiles) character file.

185 4tharraofdagon the Ducker (level 5, -6/25 HPs)
             Began as a Felid Berserker on Nov 27, 2013.
             Was a Believer of Trog.
             Mangled by a wight
             ... wielding a +2,+2 great sword
              (21 damage)
             ... on Level 6 of the Dungeon.
             The game lasted 00:03:47 (658 turns).

4tharraofdagon the Ducker (Felid Berserker)          Turns: 658, Time: 00:03:47

HP  -6/25        AC  1     Str 13      XL: 5   Next: 19%
MP   7/7         EV 21     Int  8      God: Trog [**....]
Gold 23          SH  0     Dex 17      Spells:  0 memorised,  4 levels left
Lives: 0, deaths: 1

rFire  . . .     SeeInvis +       - Unarmed
rCold  . . .     Clarity  .     (armour unavailable)
rNeg   . . .     Conserve .     (shield unavailable)
rPois  .         rCorr    .     (helmet unavailable)
rElec  .         rRot     .     (cloak unavailable)
SustAb . .       Spirit   .     (gloves unavailable)
rMut   .         Warding  .     (boots unavailable)
Saprov . . .     Stasis   .     (no amulet)
                                (no ring)
                                (no ring)

@: regenerating, mildly poisoned, quick, very resistant to hostile enchantments,
fairly stealthy
A: paw claws, no armour, no advanced items, fangs 3, see invisible, carnivore 3,
speed 1, shaggy fur 1, slow metabolism 1, jump 1
a: Jump Attack, Burn Spellbooks, Berserk, Trog's Hand, Renounce Religion


You were on level 6 of the Dungeon.
You worshipped Trog.
Trog was pleased with you.
You were full.

You visited 1 branch of the dungeon, and saw 7 of its levels.

You collected 23 gold pieces.

Inventory:

Comestibles
 c - a meat ration
Scrolls
 b - a scroll of random uselessness {unknown}
 d - a scroll of identify {unknown}
 f - a scroll of blinking {unknown}
 g - a scroll of curse weapon {unknown}
 h - a scroll of teleportation {unknown}
 j - a scroll of fog {unknown}
 k - a scroll of enchant armour {unknown}
Potions
 a - a potion of resistance {unknown}
 e - a potion of flight {unknown}


   Skills:
 + Level 4.2 Fighting
 + Level 5.4 Dodging
 * Level 4.8 Unarmed Combat


You had 4 spell levels left.
You didn't know any spells.

Dungeon Overview and Level Annotations

Branches:
Dungeon (7/16)
 Temple: D:4-7

Altars:
Makhleb

Annotations:
D:4 timbw's ghost, weakling HuFE


Innate Abilities, Weirdness & Mutations

You cannot wear armour.
You are incapable of any advanced item manipulation.
Your paws have sharp claws.
You have razor-sharp teeth.
You have supernaturally acute eyesight.
You are carnivorous and can eat meat at any time.
You cover ground quickly.
You are covered in fur (AC +1).
You have a slow metabolism.
You can jump attack at a short distance.


Message History

Found an escape hatch in the ceiling. 2 wights come into view.
The orc priest shouts!
The orc shouts!
The goblin shouts!
The orc priest invokes the aid of Beogh against you.
Something smites you!
The wight moves out of view.
Unknown command.
The orc priest mumbles some strange prayers to Beogh.
You feel a wave of unholy energy pass over you.
Unknown command.
Unknown command.
Use which ability? (? or * to list)
Your skin crawls.
You feel resistant to hostile enchantments.
You feel slightly less full.
Drink which item? (? for menu, Esc to quit)
That liquid tasted very nasty...
You are poisoned.
It was a potion of poison.
You feel sick. The wight hits you with a great sword!
Ouch! That really hurt!
You die...

.........# #.# .#
.........# #.# ..#
.........# #.# ..#
.........# #.#...#
#######.## ######o#...#.#
#######.#####............#
.................z..o....#
#############.##z#.....#.#
#.##@#.z.z...#
#.##o#...#.#o#
#.##.#.#o..# #
#.##.#.#.#z. ..##.#.#.z..
..##.#<#.## ..##.#.#
..##.# #.#


You could see an orc priest, 2 wights and an orc.

Vanquished Creatures
  2 giant frogs (D:6)
  An orc priest (D:3)
  An orc wizard (D:3)
  2 adders
  A giant mite (D:3)
  2 giant eyeballs
  7 orcs
  A giant cockroach (D:3)
  A goblin (D:4)
  A hobgoblin (D:6)
  A bat (D:3)
  A giant gecko (D:6)
  2 giant newts
  3 jackals (D:3)
  A kobold (D:2)
  3 rats
30 creatures vanquished.

Notes
Turn   | Place    | Note
--------------------------------------------------------------
     0 | D:1      | 4tharraofdagon, the Felid Berserker, began the quest for the Orb.
     0 | D:1      | Reached XP level 1. HP: 10/10 MP: 1/1
     0 | D:1      | Ladykiller69: oh my
     0 | D:1      | 4tharraofdagon: what
     7 | D:1      | You fall through a shaft!
    24 | D:2      | Ladykiller69: FeBe
    62 | D:2      | Ladykiller69: (thats an oh my-species)
    62 | D:2      | Reached XP level 2. HP: 14/14 MP: 2/2
   153 | D:3      | Reached XP level 3. HP: 18/18 MP: 4/4
   165 | D:3      | Ladykiller69: can you jump during zerk?
   342 | D:3      | Reached XP level 4. HP: 14/21 MP: 6/6
   350 | D:3      | Killed from afar by an orc wizard
   351 | D:3      | Reached XP level 3. HP: -8/27 MP: 4/4
   365 | D:4      | 4tharraofdagon: no
   380 | D:4      | Paralysed by a giant eyeball for 4 turns
   387 | D:4      | Paralysed by a giant eyeball for 2 turns
   411 | D:4      | Noticed timbw's ghost (weakling HuFE)
   466 | D:4      | Found a burning altar of Makhleb.
   485 | D:5      | Entered Level 5 of the Dungeon
   557 | D:5      | You fall through a shaft!
   557 | D:6      | Noticed a giant frog
   559 | D:6      | Noticed a giant frog
   569 | D:6      | Killed a giant frog
   569 | D:6      | Reached skill level 5 in Dodging
   569 | D:6      | Reached XP level 4. HP: 22/22 MP: 6/6
   571 | D:6      | Killed a giant frog
   571 | D:6      | Reached XP level 5. HP: 25/25 MP: 7/7
   577 | D:6      | Acquired Trog's second power
   611 | D:6      | Ladykiller69: do you do HoBe's a lot?
   613 | D:7      | Noticed an orc warrior
   613 | D:7      | Noticed an orc warrior
   658 | D:6      | Mangled by a wight

Action                   |  1- 3 |  4- 6 || total
-------------------------+-------+-------++-------
Melee: Unarmed           |    46 |    18 ||    64
Invok: Berserk           |     6 |       ||     6
       Trog's Hand       |       |     1 ||     1
 Abil: Jump Attack       |     1 |       ||     1
  Use: Potion            |       |     1 ||     1
